 Dungeon Crawl Stone Soup version 0.27.0-1-g7a089689b8 (webtiles) character file.

Game seed: 15865203330153883598

319 Spectrina the Sneak (level 6, -6/36 HPs)
             Began as a Deep Elf Monk on Aug 10, 2021.
             Mangled by a scorpion (8 damage)
             ... on level 5 of the Dungeon.
             The game lasted 00:10:23 (1504 turns).

Spectrina the Sneak (Deep Elf Monk)                 Turns: 1504, Time: 00:10:23

Health: -6/36      AC:  2    Str:  7 (8)  XL:     6   Next: 21%
Magic:  13/13      EV: 13    Int: 15 (17) God:
Gold:   105        SH:  0    Dex: 15 (17) Spells: 12/12 levels left

rFire    . . .     SeeInvis .   h - +0 dagger
rCold    . . .     Faith    .   (no shield)
rNeg     . . .     Spirit   .   b - +0 robe
rPois    .         Reflect  .   (no helmet)
rElec    .         Harm     .   (no cloak)
rCorr    .         Rampage  .   (no gloves)
Will     .....                  (no boots)
Stlth    +++.......             (no amulet)
HPRegen  0.12/turn              (no ring)
MPRegen  0.13/turn              (no ring)

@: lethally poisoned (-6 -> -13), about to teleport, weak-willed
A: no striking features
a: no special abilities


You were on level 5 of the Dungeon.
You visited 1 branch of the dungeon, and saw 6 of its levels.

You collected 105 gold pieces.

Inventory:

Hand Weapons
 a - a +0 short sword
 h - a +0 dagger (weapon)
 j - a +1 hand axe of flaming
Missiles
 c - 40 arrows
 d - 64 stones
 f - 10 boomerangs (quivered)
 k - 6 datura-tipped darts
Armour
 b - a +0 robe (worn)
Magical Staves
 m - a staff of poison
Scrolls
 i - a scroll of torment {unknown}
 l - a scroll of noise {unknown}
 r - a scroll of silence
Potions
 e - a potion of lignification {unknown}
 g - a potion of magic {unknown}


   Skills:
 - Level 2.4 Fighting
 - Level 3.0 Short Blades
 - Level 3.6 Dodging
 + Level 4.7 Stealth
 + Level 3.8 Spellcasting
 * Level 4.7 Invocations


You had 12 spell levels left.
You didn't know any spells.
Your spell library was empty.

Dungeon Overview and Level Annotations

Branches:
Dungeon (6/15)
 Temple: D:4-7

Altars:
Sif Muna


Message History

You kill the orc wizard!
Unknown command.
Items here: $ ) [ †.
Okay, then.
It was a potion of degeneration.
There was something very wrong with that liquid.
You feel weakened.
You feel dopey.
You feel clumsy.
You hit the hobgoblin. You burn the hobgoblin.
You kill the hobgoblin!
You see here a hobgoblin corpse.
You now have 105 gold pieces (gained 12).
Things that are here:
a +0 dagger; a +0 robe; an orc corpse A hound comes into view.
There is a stone staircase leading down here.
The ogre shouts!
You climb downwards.
There is a stone staircase leading up here.
Your +1 hand axe of flaming stops flaming.
h - a +0 dagger (weapon)
A scorpion comes into view.
Found a fizzy orange potion and a scroll labelled LOLUQO BOJIOH.
You see here a fizzy orange potion.
e - a fizzy orange potion
As you read the scroll labelled TALUUN JEGORCH, it crumbles to dust.
It is a scroll of identify.
r - a scroll of silence
As you read the scroll labelled DEADEF ITWUMOX, it crumbles to dust.
Magic quickly surges around you.
It was a scroll of vulnerability.
The scorpion barely misses you. The scorpion stings you!
* * * LOW HITPOINT WARNING * * *
You are lethally poisoned!
The scorpion poisons you!
Unknown command.
As you read the scroll labelled YGHUXECSORGH, it crumbles to dust.
You feel strangely unstable.
It was a scroll of teleportation.
* * * LOW HITPOINT WARNING * * *
You feel sick. The scorpion stings you!
You die...

..#########.###.####.#.########
.............................>#
##.....##.###.####.#.###.##.#
#......##... ## #.#.# #.##.#
#......###### .. ..#.###'##.# ..
#......# .#####.#....#.#
...#...###### #.# #.#......#
.#..........#####.#####.#....#.#.
...............s@................
............#####.##.#'##....#...
.#.########## #.##.'_'.....#...
.s. .#.####'#.....# .. ..
############.#.###..#.....# . ..
#<...........#.............. #
#..........###.....##.....#.#
#............................
#....).....###.....##....##


You could see a scorpion (weak-willed).

Vanquished Creatures
  An ogre (D:5)
  A hound (D:4)
  A centaur skeleton (D:4)
  Jessica (D:2)
  Terence (D:3)
  2 orc wizards (D:4)
  A gnoll (D:1)
  3 adders
  3 dart slugs
  An orc (D:4)
  3 bats
  3 endoplasms
  A goblin (D:1)
  2 hobgoblins
  6 jackals
  A quokka (D:2)
  A frilled lizard (D:2)
  3 kobolds
  5 rats
40 creatures vanquished.

Notes
Turn   | Place    | Note
-------+----------+-------------------------------------------
     0 | D:1      | Spectrina the Deep Elf Monk began the quest for the Orb.
     0 | D:1      | Reached XP level 1. HP: 13/13 MP: 3/3
    81 | D:1      | Reached skill level 1 in Spellcasting
    81 | D:1      | Reached skill level 1 in Invocations
    81 | D:1      | Reached XP level 2. HP: 18/18 MP: 3/5
   343 | D:2      | Reached XP level 3. HP: 14/22 MP: 7/7
   469 | D:2      | Noticed Jessica
   489 | D:2      | Killed Jessica
   540 | D:2      | Reached XP level 4. HP: 16/27 MP: 9/9
   778 | D:3      | Noticed Terence
   793 | D:3      | Killed Terence
   852 | D:4      | Reached XP level 5. HP: 18/31 MP: 11/11
   889 | D:5      | Entered Level 5 of the Dungeon
  1051 | D:5      | Noticed an ogre
  1190 | D:4      | Noticed an ogre
  1268 | D:5      | Killed an ogre
  1287 | D:5      | Found a shimmering blue altar of Sif Muna.
  1379 | D:4      | Reached XP level 6. HP: 19/36 MP: 13/13
  1504 | D:5      | Mangled by a scorpion

Illustrated notes

Levels and vault maps discovered:
D:1:      dpeg_cavernosity, layout_loops_ring, minmay_pentomino_u2
D:2:      layout_loops_corners, uniq_jessica
D:3:      layout_basic, basic_ecumenical_altar, serial_forest,
          infiniplex_forest_clump_double, infiniplex_forest_split,
          infiniplex_forest_side_room, infiniplex_forest_clump_curved,
          infiniplex_forest_clump_small, uniq_terence
D:4:      layout_layer_cave, serial_bayou_pond_d, grunt_decor_resistance
D:5:      layout_basic, kennysheep_mini, gammafunk_ghost_nasty_kobolds
D:6:      layout_basic, kb_lookout_dungeons_type, uniq_eustachio, uniq_maggie

Skill      XL: |  1  2  3  4  5 |
---------------+----------------+-----
Spellcasting   | 1 2 3 |  3.8
Invocations    | 1 2 3 4 |  4.7
Stealth        | 3 4 |  4.7
Fighting       | |  2.4
Short Blades   | |  3.0
Dodging        | |  3.6

Action                   |  1- 3 |  4- 6 || total
-------------------------+-------+-------++-------
Melee: Short sword       |    61 |     8 ||    69
       Dagger            |     1 |    19 ||    20
       Hand axe          |       |    41 ||    41
       Staff             |       |     4 ||     4
  Use: Potion            |     2 |     5 ||     7
       Scroll            |     1 |     3 ||     4
 Stab: Sleeping          |    10 |     7 ||    17
       Invisible         |     2 |     1 ||     3
Armor: Robe              |     9 |     3 ||    12
Dodge: Dodged            |    30 |    69 ||    99
